 Dungeon Sprint DCSS version 0.16.2-12-gd0ad4c3 (webtiles) character file.

135 Adamkad1 the Covert (level 4, 0/24 HPs)
             Began as a Spriggan Assassin on Sept 13, 2015.
             Killed from afar by an oklob sapling wizard (18 damage)
             ... with a splash of acid
             ... in the Dungeon (Sprint IV: "Fedhas' Mad Dash").
             The game lasted 00:04:04 (520 turns).

Adamkad1 the Covert (Spriggan Assassin)              Turns: 520, Time: 00:04:04

Health: 0/24       AC:  3    Str:  7    XL:     4   Next: 96%
Magic:  8/8        EV: 18    Int: 12    God:
Gold:   60         SH:  0    Dex: 18    Spells: 0 memorised, 3 levels left

rFire  . . .     SeeInvis +     a - +2 dagger
rCold  . . .     Clarity  .     c - +0 robe
rNeg   . . .     SustAb   .     (shield restricted)
rPois  .         Gourm    .     (helmet restricted)
rElec  .         Spirit   .     d - +0 cloak
rCorr  .         Warding  .     (gloves unavailable)
rMut   .         NoTele   +     (boots unavailable)
MR     .....                    (no amulet)
Stlth  ++++++....               (no ring)
                                n - ring of invisibility

@: very slightly contaminated, very quick, not resistant to hostile
enchantments, very stealthy
A: unfitting armour, see invisible, herbivore 3, speed 3, slow metabolism 2
a: Evoke Invisibility


You were in the Dungeon.
You were not hungry.

You visited 1 branch You collected 60 gold pieces.

Inventory:

Hand weapons
 a - a +2 dagger (weapon)
 b - a +0 blowgun
Missiles
 e - 8 poisoned needles
 f - 2 curare-tipped needles
Armour
 c - a +0 robe (worn)
 d - a +0 cloak (worn)
Jewellery
 n - a ring of invisibility (left hand)
Scrolls
 m - a scroll of blinking
Potions
 h - a potion of curing
 i - a potion of heal wounds
 j - a potion of haste
 k - 2 potions of magic
 l - a potion of berserk rage
Comestibles
 g - a bread ration


   Skills:
 + Level 3.0 Fighting
 + Level 3.8 Short Blades
 + Level 3.7 Throwing
 + Level 2.3 Dodging
 + Level 13.5 Stealth


You had 3 spell levels left.
You didn't know any spells.

Dungeon Overview and Level Annotations

Branches:
Dungeon (1/1)

Altars:
Cheibriados
Dithmenos
Elyvilon
Gozag
Kikubaaqudgha
Makhleb
Nemelex Xobeh
Okawaru
Qazlal
Ru
Sif Muna
Trog
Vehumet
Xom
Yredelemnul
Zin
The Shining One
Beogh
Jiyva
Lugonu

Annotations:
D exclusion: oklob sapling


Innate Abilities, Weirdness & Mutations

You are tiny and cannot use many weapons and most armour.
You have supernaturally acute eyesight.
You are a herbivore.
You cover ground extremely quickly.
You need consume almost no food.


Message History

There is a white marble altar of Elyvilon here.
There is a glowing silver altar of Zin here.
There is a snail-covered altar of Cheibriados here.
There is an ancient bone altar of Kikubaaqudgha here.
There is a bloodstained altar of Trog here.
There is a sacrificial altar of Ru here.
There is an opulent altar of Gozag here.
There is a stormy altar of Qazlal here.
You open the door.
Marking area around the oklob sapling wizard as unsafe for travelling.
An oklob sapling wizard comes into view.
Found a long sword and a scroll labeled QAAJYSADWA.
There is an open door here.
The oklob sapling wizard stares at you and mumbles some strange words.
The magic dart hits you!
You hit the oklob sapling wizard but do no damage.
The oklob sapling wizard spits acid at you.
The splash of acid hits you!
Ouch! That really hurt!
You die...

###################
.#.⌠.........⌠.#.)+
.'._._._._._._.'@P#
.#_._._._._._._#..#
##._._._._._._.#.?#
.#.⌠...._....⌠.####
.############### ##


You could see an oklob sapling wizard.

Vanquished Creatures
  A worker ant (D)
  3 oklob saplings (D)
  A river rat (D)
  A rat (D)
6 creatures vanquished.

Notes
Turn   | Place    | Note
--------------------------------------------------------------
     0 | D        | Adamkad1, the Spriggan Assassin, began the quest for the Orb.
     0 | D        | Reached XP level 1. HP: 10/10 MP: 2/2
     8 | D        | Reached skill level 6 in Stealth
    14 | D        | Reached skill level 7 in Stealth
   351 | D        | Noticed an oklob sapling
   354 | D        | Killed an oklob sapling
   354 | D        | Reached skill level 10 in Stealth
   354 | D        | Reached XP level 2. HP: 15/15 MP: 4/4
   354 | D        | Reached XP level 3. HP: 18/18 MP: 6/6
   357 | D        | Noticed a worker ant
   359 | D        | Killed a worker ant
   359 | D        | Reached skill level 11 in Stealth
   379 | D        | Found a snail-covered altar of Cheibriados.
   379 | D        | Found a glowing silver altar of Zin.
   379 | D        | Found a white marble altar of Elyvilon.
   379 | D        | Found a viscous altar of Jiyva.
   379 | D        | Found a radiant altar of Vehumet.
   379 | D        | Found a deep blue altar of Sif Muna.
   379 | D        | Found a burning altar of Makhleb.
   379 | D        | Found an ancient bone altar of Kikubaaqudgha.
   379 | D        | Found a bloodstained altar of Trog.
   379 | D        | Found a corrupted altar of Lugonu.
   379 | D        | Noticed an oklob sapling priest
   380 | D        | Found a glowing golden altar of the Shining One.
   380 | D        | Found a sacrificial altar of Ru.
   381 | D        | Found a shadowy altar of Dithmenos.
   381 | D        | Found a sparkling altar of Nemelex Xobeh.
   382 | D        | Found an iron altar of Okawaru.
   383 | D        | Found a shimmering altar of Xom.
   384 | D        | Found an opulent altar of Gozag.
   385 | D        | Found a roughly hewn altar of Beogh.
   385 | D        | Found a basalt altar of Yredelemnul.
   386 | D        | Found a stormy altar of Qazlal.
   387 | D        | Killed an oklob sapling priest
   387 | D        | Reached skill level 12 in Stealth
   387 | D        | Reached XP level 4. HP: 22/24 MP: 5/8
   397 | D        | Noticed an oklob sapling
   400 | D        | Killed an oklob sapling
   400 | D        | Reached skill level 13 in Stealth
   517 | D        | Noticed an oklob sapling wizard
   520 | D        | Killed from afar by an oklob sapling wizard

Action                   |  1- 3 |  4- 6 || total
-------------------------+-------+-------++-------
Melee: Dagger            |     3 |     2 ||     5
 Fire: Blowgun           |     3 |       ||     3
 Abil: Evoke Invisibilit |     1 |       ||     1
 Stab: Sleeping          |     3 |     1 ||     4
